Map: Ruines d’Endion

Players

zidar - Winner!

  • Race: Zerg Zerg
  • League: Gold
  • Spawn Location: 5:00

PoskHaren

  • Race: Protoss Protoss
  • League: Silver
  • Spawn Location: 7:00

VOD

Have the link to the VOD?

Description

Time

  • Played on: June 20, 2016, 11:49 a.m.
  • Length: 8:48
Show
View Real Time Build Order
Export as new Build Order

zidar Zerg - Winner!

Build Orders: Pool First 

Get SALT Encoding   

  12  0:01  Drone  
  13  0:13  Overlord  
  13  0:18  Drone  
  14  0:31  Drone x2  
  16  0:45  Spawning Pool  
  16  0:47  Drone  
  16  1:14  Hatchery  
  15  1:25  Extractor, Drone x3  
  17  1:38  Queen  
  18  1:59  Zergling x6  
  21  2:10  Overlord  
  21  2:15  Queen, Extractor  
  23  2:31  Metabolic Boost  
  23  2:35  Zergling x4  
  23  2:36  Zergling x2  
  26  2:49  Zergling x2  
  26  2:50  Zergling x4  
  29  2:52  Zergling x4  
  31  3:01  Zergling x4  
  33  3:23  Drone x3  
  36  3:27  Overlord  
  36  3:38  Baneling Nest  
  35  3:50  Drone x3  
  35  3:51  Drone x2  
  37  4:18  Zergling x2  
  37  4:19  Zergling x12  
  38  4:34  Baneling  
  38  4:42  Roach Warren  
  38  4:43  Drone x7  
  44  4:50  Extractor  
  42  5:23  Lair  
  42  5:26  Overlord x2  
  42  5:27  Overlord  
  42  6:06  Roach x12  
  42  6:07  Roach  
  68  6:15  Evolution Chamber  
  67  6:20  Glial Reconstitution  
  67  6:21  Evolution Chamber  
  66  6:30  Drone x2  
  66  6:31  Hydralisk Den, Drone  
  66  6:32  Overlord x3  
  68  6:50  Drone x6  
  74  7:03  Pneumatized Carapace  
  74  7:11  Drone x8  
  82  7:18  Extractor  
  81  7:22  Extractor  
  80  7:48  Hatchery  
  79  7:57  Hydralisk x3  
  79  7:58  Hydralisk  
  87  8:01  Drone  
  87  8:03  Overseer  
  88  8:06  Queen  
Show
View Real Time Build Order
Export as new Build Order

PoskHaren Protoss 

Build Orders: 1 Gate Expand 

Get SALT Encoding   

  12  0:01  Probe (Chrono Boost)  
  13  0:15  Pylon  
  13  0:18  Probe (Chrono Boost)  
  15  0:28  Probe (Chrono Boost)  
  15  0:36  Gateway  
  15  0:39  Probe (Chrono Boost)  
  16  0:45  Assimilator  
  16  1:18  Nexus  
  16  1:34  Cybernetics Core  
  16  1:39  Assimilator  
  16  1:40  Probe (Chrono Boost)  
  17  1:57  Probe (Chrono Boost)  
  18  2:01  Pylon  
  18  2:14  Zealot (Chrono Boost)  
  20  2:21  Robotics Facility  
  20  2:26  Warp Gate (Chrono Boost)  
  20  2:29  Probe  
  21  2:40  Probe  
  22  2:52  Mothership Core, Pylon  
  24  3:04  Immortal  
  28  3:15  Probe x2  
  30  3:27  Probe  
  31  3:41  Gateway  
  31  3:42  Gateway  
  31  3:49  Probe x2  
  33  4:03  Twilight Council  
  24  4:36  Immortal  
  28  4:42  Charge (Chrono Boost)  
  28  4:47  Gateway  
  28  4:51  Zealot  
  30  4:55  Probe  
  31  5:17  Pylon  
  31  5:35  Probe  
  31  5:36  Immortal  
  36  5:47  Gateway, Probe  
  37  6:00  Probe  
  38  6:23  Pylon  
  38  6:26  Pylon  
  38  6:28  Pylon  
  38  6:41  Warp Prism (Chrono Boost)  
  38  6:43  Zealot x3  
  46  7:03  Zealot x3  
  52  7:28  Nexus  
  52  7:39  Zealot x2  
  56  8:08  Zealot x3  
  62  8:18  Pylon  
  62  8:20  Pylon  
  50  8:34  Zealot  
  50  8:35  Zealot  
  44  8:42  Zealot  
Tags
 
Add a new tag
Caveats
  • Supply blocks, unpowered buildings, or Contaminate may cause inaccurate times.
  • Supply counts are checked every 10 seconds.